 Dungeon Crawl Stone Soup version 0.30.1-8-g117510f58f (webtiles) character file.

Game seed: 89086324731715641

2394780 RepoMan the Hoplite (level 27, 255/279 HPs)
             Began as a Naga Hunter on Sept 17, 2023.
             Was a High Priest of Fedhas.
             Escaped with the Orb
             ... and 4 runes on Sept 22, 2023!
             The game lasted 10:47:53 (69487 turns).

RepoMan the Hoplite (Naga Hunter)                  Turns: 69487, Time: 10:47:53

Health: 255/279    AC: 26    Str: 13    XL:     27
Magic:  43/47      EV: 37    Int: 16    God:    Fedhas [*****.]
Gold:   3572       SH: 35    Dex: 38    Spells: 17/28 levels left

rFire   + + .        w - +9 hand crossbow (heavy)
rCold   + . .        B - +5 tower shield "Jaluv" {+Blink Regen+}
rNeg    + . .        N - +2 troll leather armour of Xycuiw {Drain rPois Regen+ Int+4 Dex+3}
rPois   +            J - -2 hat of the Alchemist {rElec rPois rF+ rC+ rN+ Will+ rMut rCorr}
rElec   +            c - +2 cloak {Will+}
rCorr   +            W - +3 pair of gloves of Amelioration {MP+9 Dex+2}
SInv    +            F - +4 barding {rF+}
Will    +++++        V - amulet of the Air {Inacc Air Fly rElec RMsl}
Stlth   ++           p - ring "Ahotais" {EV+5 Stlth+}
HPRegen 2.26/turn    v - +6 ring of dexterity
MPRegen 0.30/turn

%: repel missiles, resist mutation
@: flying, very slow
A: AC +9, large, see invisible, deformed body, poison resistance, slowness 2,
spit poison 1, naga tail 2
0: Orb of Zot
}: 4/15 runes: barnacled, slimy, silver, gossamer
a: Spit Poison, Renounce Religion, Evoke Blink, Wall of Briars, Grow
Ballistomycete, Overgrow, Grow Oklob


You escaped.
You worshipped Fedhas.
Fedhas was extremely pleased with you.
You visited 12 branches of the dungeon, and saw 56 of its levels.
You visited 1 ziggurat, and saw 9 of its levels.
You also visited: Sewer, Gauntlet, Ice Cave and Wizlab.

You collected 8125 gold pieces.
You spent 4553 gold pieces at shops.

Inventory:

Hand Weapons
 m - the +2 Maxwell's thermic engine {flame, freeze, rev}
   (You found it in a wizard's laboratory)
 q - a +4 vampiric quick blade
 w - a +9 heavy hand crossbow (weapon)
Missiles
 y - 4 throwing nets
 O - 7 curare-tipped darts
Armour
 b - the +3 robe of Clouds {*Thunder rCloud rElec}
   (You found it on level 5 of the Pits of Slime)

   *Thunder:  It occasionally creates storm clouds above nearby enemies.
   rCloud:    It grants its wearer immunity to clouds.
   rElec:     It insulates you from electricity.
 c - a +2 cloak of willpower (worn)
 B - the +5 tower shield "Jaluv" (worn) {+Blink Regen+}
   (You took it off Mennas on level 4 of the Depths)

   +Blink:    It lets you blink.
   Regen:     It increases your rate of health regeneration.
 E - the +4 hat of Esenidu {rElec rF+ Will+}
   (You found it on level 1 of the Vaults)

   rF:        It protects you from fire.
   rElec:     It insulates you from electricity.
   Will:      It increases your willpower.
 F - a +4 barding of fire resistance (worn)
 J - the -2 hat of the Alchemist (worn) {rElec rPois rF+ rC+ rN+ Will+ rMut rCorr}
   (You bought it in a shop on level 2 of the Orcish Mines)

   rF:        It protects you from fire.
   rC:        It protects you from cold.
   rElec:     It insulates you from electricity.
   rPois:     It protects you from poison.
   rN:        It protects you from negative energy.
   rCorr:     It protects you from acid and corrosion.
   rMut:      It protects you from mutation.
   Will:      It increases your willpower.
 N - the +2 troll leather armour of Xycuiw (worn) {Drain rPois Regen+ Int+4 Dex+3}
   (You found it in a wizard's laboratory)

   Int:       It affects your intelligence (+4).
   Dex:       It affects your dexterity (+3).
   rPois:     It protects you from poison.
   Regen:     It increases your rate of health regeneration.
   Drain:     It drains your maximum health when unequipped.
 W - the +3 pair of gloves of Amelioration (worn) {MP+9 Dex+2}
   (You bought it in a shop on level 4 of the Depths)

   Dex:       It affects your dexterity (+2).
   MP:        It affects your magic capacity (+9).
Jewellery
 h - an amulet of reflection
 j - the ring "Fotzeu" {rF+ Will+}
   (You found it on level 9 of a ziggurat)

   [ring of willpower]

   rF:        It protects you from fire.
   Will:      It increases your willpower.
 o - an amulet of regeneration
 p - the ring "Ahotais" (left hand) {EV+5 Stlth+}
   (You found it on level 4 of the Lair of Beasts)

   [ring of evasion]

   EV:        It affects your evasion (+5).
   Stlth:     It makes you more stealthy.
 v - a +6 ring of dexterity (right hand)
 V - the amulet of the Air (around neck) {Inacc Air Fly rElec RMsl}
   (You found it on level 14 of the Dungeon)

   [amulet of nothing]

   Inacc:     It reduces the accuracy of your attacks and spells.
   Air:       It enhances your air magic.
   rElec:     It insulates you from electricity.
   Fly:       It grants you flight.
   RMsl:      It protects you from missiles.
 X - a ring of protection from cold
Wands
 C - a wand of charming (66)
 K - a wand of light (47)
 L - a wand of iceblast (50)
Scrolls
 a - a scroll of brand weapon
 e - 5 scrolls of enchant weapon
 g - 8 scrolls of vulnerability
 i - 10 scrolls of teleportation
 G - a scroll of butterflies
 H - 5 scrolls of fear
 I - 5 scrolls of fog
 M - a scroll of silence
 P - 10 scrolls of poison
 Q - 3 scrolls of immolation
 R - 9 scrolls of enchant armour
 Z - 13 scrolls of magic mapping
Potions
 d - 9 potions of heal wounds
 k - 15 potions of mutation
 l - 16 potions of might
 s - 8 potions of flight
 x - 22 potions of curing
 z - 2 potions of magic
 D - 10 potions of lignification
 T - 3 potions of ambrosia
 U - a potion of resistance
 Y - 2 potions of invisibility
Miscellaneous
 t - a phial of floods
 u - a condenser vane
 A - a phantom mirror
 S - a lightning rod (4/4)


   Skills:
 + Level 22.4 Fighting
 - Level 8.8 Short Blades
 + Level 22.4 Ranged Weapons
 - Level 1.1 Armour
 - Level 19.9 Dodging
 - Level 9.9 Stealth
 * Level 24.1 Shields
 - Level 1.1 Spellcasting
 - Level 6.6 Hexes
 - Level 9.9 Translocations
 - Level 5.5 Air Magic
 + Level 22.5 Invocations
 - Level 7.7 Evocations


You had 17 spell levels left.
You knew the following spells:

 Your Spells              Type           Power      Damage    Failure   Level
b - Blink                 Tloc           64%        N/A       1%          2
g - Apportation           Tloc           64%        N/A       1%          1
l - Lesser Beckoning      Tloc           64%        N/A       1%          2
p - Portal Projectile     Hex/Tloc       54%        N/A       4%          3
v - Vhi's Electric Charg  Tloc/Air       76%        N/A       5%          3

Your spell library contained the following spells:

 Spells                   Type           Power      Damage    Failure   Level
 Gell's Gravitas          Tloc           32%        N/A       1%          3
 Teleport Other           Tloc           32%        N/A       1%          3
 Slow                     Hex            88%        N/A       2%          1
 Manifold Assault         Tloc           32%        N/A       7%          4
 Confusing Touch          Hex            22%        N/A       9%          3
 Tukima's Dance           Hex            22%        N/A       9%          3
 Shock                    Conj/Air       56%        1d6       13%         1
 Swiftness                Air            27%        N/A       13%         3
 Ensorcelled Hibernation  Hex/Ice        22%        N/A       16%         2
 Volatile Blastmotes      Fire/Tloc      32%        2d12      16%         3
 Poisonous Vapours        Pois/Air       28%        N/A       21%         2
 Cause Fear               Hex            11%        N/A       26%         4
 Cigotuvi's Dreadful Rot  Necr/Pois/Air  20%        N/A       28%         2
 Dazzling Flash           Conj/Hex       22%        N/A       32%         3
 Inner Flame              Hex/Fire       11%        N/A       32%         3
 Summon Guardian Golem    Hex/Summ       11%        N/A       32%         3
 Beastly Appendage        Tmut           0%         N/A       38%         1
 Kiss of Death            Conj/Necr      0%         2d5       38%         1
 Magic Dart               Conj           0%         1d3       38%         1
 Necrotise                Necr           0%         1d4       38%         1
 Sting                    Tmut/Pois      0%         1d3       38%         1
 Summon Small Mammal      Summ           0%         N/A       38%         1
 Airstrike                Air            13%        2d(2-18)  38%         4
 Iskenderun's Mystic Bla  Conj/Tloc      16%        2d5       47%         4
 Mephitic Cloud           Conj/Pois/Air  10%        N/A       50%         3
 Call Imp                 Summ           0%         N/A       52%         2
 Passwall                 Tmut/Erth      0%         N/A       52%         2
 Scorch                   Fire           0%         2d5       52%         2
 Searing Ray              Conj           0%         2d4       52%         2
 Sublimation of Blood     Necr           0%         N/A       52%         2
 Wereblood                Tmut           0%         N/A       52%         2
 Silence                  Hex/Air        15%        N/A       67%         5
 Anguish                  Hex/Necr       5%         N/A       71%         4
 Fulminant Prism          Conj/Hex       5%         3d6       71%         4
 Call Canine Familiar     Summ           0%         N/A       77%         3
 Hailstorm                Conj/Ice       0%         3d3       77%         3
 Ignite Poison            Fire/Tmut/Pois 0%         N/A       77%         3
 Ozocubu's Armour         Ice            0%         N/A       77%         3
 Spider Form              Tmut/Pois      0%         N/A       77%         3
 Vampiric Draining        Necr           0%         2d6       77%         3
 Summon Mana Viper        Hex/Summ       11%        N/A       96%         5
 Arcjolt                  Conj/Air       7%         1d17      98%         5
 Animate Armour           Summ/Erth      0%         N/A       99%         4
 Animate Dead             Necr           0%         N/A       99%         4
 Dispel Undead            Necr           0%         3d6       99%         4
 Flame Wave               Conj/Fire      0%         2d4       99%         4
 Ice Form                 Ice/Tmut       0%         N/A       99%         4
 Olgreb's Toxic Radiance  Pois           0%         N/A       99%         4
 Sticky Flame             Conj/Fire      0%         2d3       99%         4
 Summon Ice Beast         Ice/Summ       0%         N/A       99%         4
 Freezing Cloud           Conj/Ice/Air   5%         6-21      99%         5
 Agony                    Necr           0%         N/A       100%        5
 Alistair's Intoxication  Tmut/Pois      0%         N/A       100%        5
 Blade Hands              Tmut           0%         N/A       100%        5
 Borgnjor's Vile Clutch   Necr/Erth      0%         N/A       100%        5
 Fireball                 Conj/Fire      0%         3d3       100%        5
 Iskenderun's Battlesphe  Conj           0%         2d6       100%        5
 Lee's Rapid Deconstruct  Erth           0%         3d4*      100%        5
 Conjure Ball Lightning   Conj/Air       7%         3x3d6     100%        6
 Death Channel            Necr           0%         N/A       100%        6
 Eringya's Noxious Bog    Tmut/Pois      0%         N/A       100%        6
 Iron Shot                Conj/Erth      0%         9d1       100%        6
 Simulacrum               Ice/Necr       0%         N/A       100%        6
 Starburst                Conj/Fire      0%         6d3       100%        6
 Summon Cactus Giant      Summ           0%         N/A       100%        6
 Dragon Form              Tmut           0%         N/A       100%        7
 Enfeeble                 Hex            11%        N/A       100%        7
 Haunt                    Necr/Summ      0%         N/A       100%        7
 Monstrous Menagerie      Summ           0%         N/A       100%        7
 Orb of Destruction       Conj           0%         9d5       100%        7
 Ozocubu's Refrigeration  Ice            0%         4d7       100%        7
 Spellforged Servitor     Conj/Summ      0%         N/A       100%        7
 Storm Form               Tmut/Air       7%         N/A       100%        7
 Summon Hydra             Summ           0%         N/A       100%        7
 Borgnjor's Revivificati  Necr           0%         N/A       100%        8
 Discord                  Hex            11%        N/A       100%        8
 Ignition                 Fire           0%         3d3       100%        8
 Infestation              Necr           0%         N/A       100%        8
 Maxwell's Capacitive Co  Air            13%        ∞         100%        8
 Necromutation            Tmut/Necr      0%         N/A       100%        8
 Death's Door             Necr           0%         N/A       100%        9
 Dragon's Call            Summ           0%         N/A       100%        9


Dungeon Overview and Level Annotations

Branches:
Dungeon (15/15)            Temple (1/1) D:6            Lair (5/5) D:11
 Shoals (4/4) Lair:3       Spider (4/4) Lair:2        Slime (5/5) Lair:5
    Orc (2/2) D:11            Elf (3/3) Orc:2        Vaults (5/5) D:14
  Crypt (3/3) Vaults:3       Tomb (0/3) Crypt:3      Depths (4/4) D:15
    Zot (5/5) Depths:4      Sewer (visited)           IceCv (visited)
 WizLab (visited)         Gauntlet (visited)

Altars:
Ashenzari
Cheibriados
Dithmenos
Fedhas
Gozag
Kikubaaqudgha
Makhleb
Nemelex Xobeh
Qazlal
Ru
Sif Muna
Trog
Uskayaw
Vehumet
Xom
Yredelemnul
Jiyva

Shops:
D:3 (   D:10 *   Orc:2 =:*[(   Elf:2 (   Elf:3 ?   Shoals:1 !   Vaults:2 [
Vaults:3 [   Vaults:5 *   Depths:2 *[   Depths:3 *:*   Depths:4 [

Portals:
Hell: Depths:1 Depths:2 Depths:3 Depths:4
Abyss: Depths:3 Depths:4
Pandemonium: Depths:2
Trove: D:12 (give 13 potions of heal wounds)

Annotations:
D:2 1 runed translucent door, Crazy Yiuf
D:9 2 transporters
D:12 3 runed translucent doors, mutifu's ghost, journeyman MiFi
Spider:2 2 runed translucent doors, Juwufun's ghost, adept MiBe
Orc:2 1 runed translucent door, laros's ghost, journeyman MiBe


Innate Abilities, Weirdness & Mutations

Your serpentine skin is tough. (AC +9)
You have supernaturally acute eyesight. (SInv)
Armour fits poorly on your strangely shaped body.
Your system is resistant to poisons. (rPois)
You cover ground very slowly.
You can spit poison.
You can use your snake-like lower body to constrict enemies.


Message History

Fire: w) +9 hand crossbow (heavy)
Press: ? - help, Q - select action, (/) - cycle Shift-Dir - straight line, f/p - Hell Sentinel
Aim: a Hell Sentinel (severely wounded, 86% to hit)
You shoot a bolt.
The bolt hits the Hell Sentinel but does no damage.
The Hell Sentinel is severely wounded.
You block the Hell Sentinel's attack. x2
The Hell Sentinel gestures at you.
The iron shot is repelled.
Fire: w) +9 hand crossbow (heavy)
Press: ? - help, Q - select action, (/) - cycle Shift-Dir - straight line, f/p - Hell Sentinel
Aim: a Hell Sentinel (severely wounded, 86% to hit)
You shoot a bolt. The bolt hits the Hell Sentinel!
The Hell Sentinel is almost dead.
You block the Hell Sentinel's attack.
The Hell Sentinel hits you but does no damage.
Fire: w) +9 hand crossbow (heavy)
Press: ? - help, Q - select action, (/) - cycle Shift-Dir - straight line, f/p - Hell Sentinel
Aim: a Hell Sentinel (almost dead, 86% to hit)
You shoot a bolt.
The bolt hits the Hell Sentinel but does no damage.
The Hell Sentinel is almost dead.
The Hell Sentinel gestures at you.
The sphere of damnation explodes!
The damnation engulfs you!!!
The damnation engulfs the Hell Sentinel.
The Hell Sentinel completely resists.
You block the Hell Sentinel's attack. x2
Fire: w) +9 hand crossbow (heavy)
Press: ? - help, Q - select action, (/) - cycle Shift-Dir - straight line, f/p - Hell Sentinel
Aim: a Hell Sentinel (almost dead, 86% to hit)
You shoot a bolt. The bolt hits the Hell Sentinel!!
You kill the Hell Sentinel!
Fedhas accepts your kill.
Blink to where?
Press: ? - help, Dir - move target
As you read the scroll of blinking, it crumbles to dust.
There is a staircase leading out of the dungeon here.
Aiming: Grow Ballistomycete (0% risk of failure)
Press: ? - help, Dir - move target A ballistomycete grows from the ground.
You have escaped!

≈≈≈~....♣# #.#
≈≈~~....♣# #.#
≈≈~.....P# #.#
≈~.......# #.##
≈~~~....P# #.##
≈≈≈.....♣###### #...
≈≈≈......♣P.P.♣ ####
≈≈~~..........♣♣♣♣
≈≈~....P.♣§....♣@♣
≈≈≈~...........PP♣
≈≈≈≈~............♣
≈≈≈≈~≈...........♣
≈≈≈≈≈≈≈~~..~~..♣♣♣♣
≈≈≈≈≈≈~≈~~~~~~~~≈≈♣
≈≈≈≈≈≈≈≈≈~≈≈≈≈≈≈≈≈♣
≈≈≈≈≈≈≈≈≈≈≈≈≈≈≈≈≈≈≈≈≈♣
######################


You could see a friendly ballistomycete (summoned).

Vanquished Creatures
  the Royal Jelly (Slime:5)
  6 dread liches
  5 orbs of fire
  3 ancient liches
  Mennas (Depths:4)
  A juggernaut (Depths:2)
  Mara (Spider:4)
  Boris (twice) (Depths:3 Vaults:5)
  Saint Roka (Vaults:1)
  Sojobo (Vaults:4)
  Frederick (Crypt:3)
  Vv (Crypt:3)
  6 Killer Klowns
  Margery (Vaults:5)
  A shard shrike (Zig:9)
  4 curse toes
  10 golden dragons
  the Enchantress (Depths:4)
  2 profane servitors
  28 tentacled monstrosities
  3 hellephants
  8 electric golems
  An iron giant (Zig:2)
  Jorgrun (D:14)
  Rupert (Lair:4)
  Zenata (Vaults:4)
  3 Ice Fiends
  Asterion (Spider:2)
  5 titans
  29 Orb Guardians
  A deep elf blademaster (Elf:2)
  2 walking frostbound tomes
  9 liches
  2 walking divine tomes
  10 quicksilver dragons
  A walking earthen tome (Depths:3)
  3 deep elf master archers
  9 death cobs
  2 searing wretches (Zig:7)
  3 Hell Sentinels
  24 acid blobs
  A kraken (Shoals:3)
  Frances (Elf:1)
  8 ancient champions
  2 Executioners
  Kirke (Spider:2)
  8 sphinxes
  8 shadow dragons
  12 tengu reavers
  4 draconian monks
  A demonspawn warmonger (D:10)
  8 rockslimes
  12 storm dragons
  7 azure jellies
  4 revenants
  Ilsuiw (Shoals:4)
  6 deep elf sorcerers
  2 draconian knights
  8 frost giants
  17 vault wardens
  A draconian scorcher (Zot:5)
  2 iron dragons (Depths:3)
  17 fire giants
  A caustic shrike zombie (Crypt:2)
  6 ghost moths
  3 emperor scorpions
  7 balrugs
  4 curse skulls
  8 draconian shifters
  3 orc warlords
  6 draconian annihilators
  9 deep elf elementalists
  11 ghouls
  5 angels
  4 spriggan defenders
  6 draconian stormcallers
  4 war gargoyles
  2 reapers
  13 quicksilver oozes
  22 ironbound preservers
  11 stone giants
  33 very ugly things
  16 ironbound thunderhulks
  5 vampire knights
  6 broodmothers
  7 black draconians
  9 red draconians
  2 lorocyprocas
  6 white draconians
  11 yellow draconians
  4 green draconians
  3 deep elf demonologists
  2 demonspawn black suns (D:10)
  9 deep elf annihilators
  10 spark wasps
  A minotaur (Gauntlet)
  3 dire elephants (Vaults:3)
  4 wendigos (Zig:9)
  8 purple draconians
  3 eidola
  A blizzard demon (Depths:1)
  5 deep elf death magi
  2 pearl dragon zombies (Crypt:3)
  11 ettins
  8 merfolk impalers
  4 crystal guardians
  A quicksilver dragon zombie (Crypt:2)
  16 jiangshi
  2 green deaths
  3 merfolk javelineers (Shoals:4)
  10 deep elf high priests
  21 yaktaur captains
  4 entropy weavers
  6 fire dragons
  Harold (Lair:1)
  7 rakshasas
  7 great orbs of eyes
  6 ice dragons
  2 salamander tyrants
  4 hydras
  9 peacekeepers
  A spriggan skeleton (Depths:2)
  A quicksilver dragon skeleton (Vaults:4)
  A jorogumo (Spider:1)
  2 merfolk avatars
  41 vault guards
  3 spriggan air magi
  3 radroaches
  12 centaur warriors
  An ogre mage (Vaults:5)
  2 alligator snapping turtles
  6 death knights
  3 merfolk aquamancers (Shoals:4)
  An anaconda (shapeshifter) (Zig:5)
  8 catoblepae
  10 ironbound frosthearts
  A catoblepas (shapeshifter) (Depths:4)
  3 satyrs
  27 dancing weapons
  7 death yaks
  A death scarab (Gauntlet)
  2 two-headed ogres
  A titan zombie (Depths:3)
  A naga warrior (Zig:8)
  8 deep troll earth magi
  2 deep troll shamans (Depths:1)
  3 tengu warriors (Depths:3)
  5 boulder beetles
  A shock serpent (shapeshifter) (Zig:5)
  4 hell knights
  7 vampire magi
  A shock serpent (Zig:8)
  A naga sharpshooter (Zig:8)
  7 hell hogs
  2 soul eaters
  6 spriggan berserkers
  A titan skeleton (Crypt:3)
  5 sun demons
  An emperor scorpion zombie (Crypt:3)
  Nergalle (Lair:1)
  10 deep elf knights
  8 large abominations (Depths:3)
  3 iron trolls
  A salamander mystic (Zig:8)
  23 skeletal warriors
  A shadow wraith (Crypt:1)
  7 pharaoh ants
  A bunyip zombie (Crypt:2)
  20 sea snakes
  7 skysharks
  7 sun moths (Spider:4)
  2 shadow demons
  2 naga ritualists (Zig:8)
  57 deep trolls
  13 orb spiders
  5 glowing orange brains
  An anaconda skeleton (Crypt:3)
  7 flayed ghosts
  An orange crystal statue (Zig:9)
  A golden dragon skeleton (Depths:3)
  A bunyip skeleton (Crypt:3)
  2 bog bodies (Crypt:1)
  9 deep elf archers
  17 ironbound convokers
  11 lindwurms
  3 obsidian statues
  14 necromancers
  10 phantasmal warriors
  A shadow dragon zombie (Depths:1)
  Pikel (D:5)
  7 steelbarb worms
  A human zombie (Vaults:3)
  8 wizards
  A sphinx zombie (Depths:1)
  13 orc knights
  15 wolf spiders
  28 harpies
  3 orc sorcerers
  A frost giant zombie (Depths:3)
  24 deep elf pyromancers
  24 deep elf zephyrmancers
  17 cyclopes
  A tengu skeleton (Depths:1)
  38 ugly things
  A shining eye (Slime:1)
  15 manticores
  A goliath frog skeleton (Crypt:3)
  2 stone giant skeletons
  A manticore (shapeshifter) (D:15)
  9 fauns
  2 stone giant zombies
  2 salamanders (WizLab)
  A naga zombie (Crypt:1)
  4 black mambas (Zig:8)
  4 apis skeletons (Crypt:3)
  4 naga magi
  2 rust devils (Depths:2)
  25 vault sentinels
  8 merfolk sirens
  3 fire giant skeletons
  2 ice statues
  32 moths of wrath
  3 molten gargoyles (WizLab)
  12 water nymphs
  11 gargoyles
  12 elephants
  4 torpor snails
  An eye of devastation (Slime:5)
  2 guardian serpents (Zig:8)
  A smoke demon (Depths:1)
  A black draconian zombie (Crypt:2)
  A cane toad (shapeshifter) (D:15)
  6 cane toads
  2 kobold demonologists
  7 demonic crawlers
  An unseen horror (Depths:3)
  A guardian serpent (shapeshifter) (Vaults:5)
  A centaur skeleton (Crypt:1)
  3 rime drakes
  A catoblepas zombie (Crypt:1)
  11 freezing wraiths
  3 tormentors
  2 dire elephant skeletons (Crypt:1)
  A yaktaur zombie (Vaults:3)
  3 hellions
  A bunyip simulacrum (Crypt:1)
  3 tengu conjurers
  3 komodo dragons
  A golden dragon simulacrum (Depths:3)
  57 yaktaurs
  11 ice devils
  2 efreet
  A guardian mummy (Crypt:3)
  A queen bee (shapeshifter) (D:15)
  The ghost of Crehl the Shooter, a novice SpHu (D:4)
  A catoblepas skeleton (Crypt:3)
  5 anaconda simulacra (IceCv)
  6 meliai
  A red devil (Depths:4)
  3 polar bears
  A queen bee (Spider:1)
  A hellwing (Depths:2)
  A tengu simulacrum (Depths:3)
  3 hornets
  24 merfolk
  A boulder beetle zombie (Crypt:1)
  15 tarantellas
  2 trolls
  16 blink frogs
  7 snapping turtles
  7 wind drakes
  A fire dragon zombie (Crypt:1)
  27 dream sheep
  An ettin zombie (Vaults:3)
  A frost giant simulacrum (Depths:1)
  3 centaur simulacra (D:15)
  A spriggan (shapeshifter) (Depths:3)
  5 shadows
  A spectral black mamba (Gauntlet)
  Sigmund (D:5)
  An air elemental (Elf:3)
  30 culicivoras
  39 jumping spiders
  3 dire elephant simulacra (IceCv)
  An alligator skeleton (Crypt:2)
  11 flying skulls
  3 spriggans
  16 water elementals
  An elf skeleton (Vaults:3)
  An elf zombie (Vaults:4)
  5 vampires
  An ettin skeleton (Vaults:3)
  129 slime creatures
  2 basilisks (Lair:5)
  6 wraiths
  64 yaks
  Grum (Lair:1)
  4 fire elementals
  7 humans (D:14)
  12 golden eyes
  5 hogs (Spider:2)
  56 redbacks
  11 vampire mosquitoes
  2 steam dragons
  5 chaos spawn
  A warg (shapeshifter) (Depths:3)
  2 nagas (Zig:8)
  5 death yak simulacra (IceCv)
  2 wargs
  2 acid dragons (D:11)
  4 hydra simulacra (IceCv)
  5 hell hounds (D:13)
  9 water moccasins
  2 floating eyes
  A glowing shapeshifter skeleton (Vaults:3)
  A meliai simulacrum (D:15)
  A dream sheep zombie (Crypt:3)
  2 black bears
  42 orc warriors
  A snapping turtle zombie (Crypt:1)
  5 ogres
  A blink frog zombie (Crypt:3)
  14 wolves
  13 boggarts
  4 human skeletons
  3 phantoms
  26 centaurs
  11 kobold brigands
  10 bullfrogs
  6 necrophages
  2 gnoll sergeants
  11 earth elementals
  A human simulacrum (Depths:2)
  2 scorpions
  2 two-headed ogre simulacra (IceCv)
  A wyvern skeleton (D:6)
  3 cane toad simulacra (IceCv)
  4 wights
  A water moccasin skeleton (D:6)
  3 elephant simulacra (IceCv)
  26 killer bees
  A polar bear skeleton (Crypt:3)
  A troll skeleton (Crypt:3)
  3 howler monkeys (D:8)
  A yak skeleton (Crypt:2)
  2 electric eels
  2 bullfrog zombies (D:6)
  2 centaur zombies
  4 hounds
  2 gnoll boudas
  3 small abominations (Depths:3)
  14 orc priests
  3 jellies
  An iron imp (D:7)
  A sleepcap (D:4)
  Jessica (D:2)
  A bullfrog skeleton (Crypt:1)
  A scorpion zombie (Crypt:1)
  4 iguanas
  24 orc wizards
  4 polar bear simulacra (IceCv)
  2 lightning spires (WizLab)
  2 troll simulacra (IceCv)
  A boggart skeleton (D:15)
  4 wolf simulacra (IceCv)
  A killer bee zombie (D:6)
  12 mummies (Crypt:3)
  A howler monkey zombie (D:6)
  16 gnolls
  9 adders
  5 river rats
  A shadow imp (D:6)
  2 white imps
  2 ufetubi (IceCv)
  4 worms (Sewer)
  A dart slug (D:2)
  80 orcs
  12 ball pythons
  3 bats (D:2)
  5 endoplasms
  9 giant cockroaches
  4 goblins
  4 hobgoblins
  11 jackals (D:1)
  3 quokkas
  4 frilled lizards
  A jackal skeleton (Crypt:1)
  23 kobolds
  A kobold zombie (Crypt:1)
  7 rats
  8 ballistomycete spores
  2 tentacles (Shoals:3)
2728 creatures vanquished.

Vanquished Creatures (collateral kills)
  2 Orb Guardians (Zot:5)
  Donald (Crypt:2)
  A draconian stormcaller (Zot:3)
  A ghoul (Crypt:3)
  An emperor scorpion (Spider:4)
  A green draconian (Zot:3)
  A black draconian (Zot:3)
  A dire elephant (Vaults:3)
  A red draconian (Zot:2)
  Josephine (Spider:1)
  Snorg (D:11)
  A radroach (Spider:4)
  2 two-headed ogres (D:12)
  2 death yaks
  A skeletal warrior (Crypt:3)
  A flayed ghost (Crypt:3)
  An orc knight (Orc:2)
  An ironbound convoker (Vaults:3)
  A wizard (Vaults:1)
  A necromancer (Vaults:5)
  A cyclops (D:11)
  A black mamba (Zig:8)
  2 elephants (Lair:5)
  A gargoyle (D:10)
  A yaktaur (Vaults:3)
  2 trolls
  A blink frog (Lair:5)
  2 tarantellas
  A culicivora (Spider:2)
  A spriggan (Lair:4)
  A wraith (D:9)
  3 yaks
  3 vampire mosquitoes (D:11)
  A redback (Spider:1)
  Edmund (D:5)
  An ogre (D:9)
  2 wolves (Lair:1)
  A phantom (D:6)
  3 wights
  4 killer bees (D:10)
  2 howler monkeys (D:10)
  An orc priest (D:9)
  An iguana (D:6)
  An orc wizard (D:9)
  A wolf simulacrum (IceCv)
  2 ufetubi (Gauntlet)
  3 orcs
  A ball python zombie (Crypt:2)
  A kobold (D:10)
  346 ballistomycete spores
415 creatures vanquished.

Vanquished Creatures (others)
  A titan (Vaults:5)
  A death cob (Zot:2)
  A nargun (Zig:9)
  A vampire mage (Crypt:3)
  A hell knight (Vaults:5)
  2 deep elf knights
  A wizard (Vaults:1)
  A guardian serpent (Zig:8)
  A titan simulacrum (Zig:9)
  A water nymph (Shoals:2)
  An orange demon (D:8)
  A yaktaur (Vaults:3)
  2 water elementals (Depths:1)
  2 humans (Spider:2)
  2 wights (D:4)
  2 ball lightnings (D:8)
  42 ballistomycete spores
  8 tentacles (Shoals:3)
71 creatures vanquished.

Grand Total: 3214 creatures vanquished

Notes
Turn   | Place    | Note
-------+----------+-------------------------------------------
     0 | D:1      | RepoMan the Naga Hunter began the quest for the Orb.
     0 | D:1      | Reached XP level 1. HP: 19/19 MP: 1/1
   156 | D:1      | Reached XP level 2. HP: 26/26 MP: 2/2
   678 | D:1      | Reached XP level 3. HP: 32/32 MP: 3/3
  1246 | D:2      | Found a faded altar of an unknown god.
  1331 | D:2      | Noticed Jessica
  1334 | D:2      | Killed Jessica
  1335 | D:2      | Reached XP level 4. HP: 39/39 MP: 4/4
  1392 | D:2      | Found a runed translucent door.
  1393 | D:2      | Noticed Crazy Yiuf
  1714 | D:3      | Found Lysul's Weapon Emporium.
  1845 | D:3      | Reached skill level 5 in Ranged Weapons
  2152 | D:4      | Reached XP level 5. HP: 41/45 MP: 3/5
  2379 | D:4      | Found a hide-covered altar of Uskayaw.
  2396 | D:4      | Noticed a +0 hand axe
  2396 | D:4      | Noticed a +0 hand axe
  2511 | D:4      | Found a runed translucent door.
  2524 | D:4      | Noticed Crehl's ghost (novice SpHu)
  2574 | D:4      | Reached XP level 6. HP: 49/55 MP: 6/6
  2634 | D:4      | Found a runed translucent door.
  2645 | D:4      | Reached skill level 5 in Stealth
  2950 | D:4      | Reached XP level 7. HP: 26/62 MP: 3/7
  3167 | D:5      | Entered Level 5 of the Dungeon
  3231 | D:5      | Identified the +5 mace of Midsummer {drain, Fragile rPois
                  | rC+ Str+3}
  3239 | D:5      | Found a shimmering altar of Xom.
  3327 | D:5      | Found a radiant altar of Vehumet.
  3376 | D:5      | Identified the +6 flail of Circular Logic {freeze, Str+5}
  3561 | D:5      | Found a basalt altar of Yredelemnul.
  3667 | D:5      | Noticed Sigmund
  3678 | D:5      | Killed Sigmund
  3703 | D:5      | Noticed Edmund
  3843 | D:5      | Found a broken altar of Ashenzari.
  3995 | D:5      | Noticed Pikel
  4035 | D:5      | Killed Pikel
  4036 | D:5      | Reached XP level 8. HP: 33/69 MP: 4/8
  4256 | D:5      | Found a blossoming altar of Fedhas.
  4262 | D:5      | Became a worshipper of Fedhas Madash
  4533 | D:6      | Found a glowing drain.
  4643 | D:6      | Reached * piety under Fedhas
  4661 | Sewer    | Entered a sewer
  4721 | Sewer    | Reached skill level 10 in Ranged Weapons
  4721 | Sewer    | Reached XP level 9. HP: 68/76 MP: 9/9
  5187 | Sewer    | Reached skill level 1 in Armour
  5366 | D:6      | Reached ** piety under Fedhas
  5617 | D:6      | Reached skill level 1 in Invocations
  6027 | D:6      | Found a staircase to the Ecumenical Temple.
  6033 | Temple   | Entered the Ecumenical Temple
  6398 | D:7      | Found a snail-covered altar of Cheibriados.
  6508 | D:7      | Found a shadowy altar of Dithmenos.
  6790 | D:7      | Reached XP level 10. HP: 76/87 MP: 8/12
  6808 | D:7      | Reached *** piety under Fedhas
  6809 | D:7      | Reached skill level 5 in Fighting
  7018 | D:8      | Found an opulent altar of Gozag.
  7079 | D:8      | Found a sparkling altar of Nemelex Xobeh.
  7618 | D:9      | Noticed a centaur warrior
  7620 | D:9      | Found a transporter.
  7740 | D:9      | Reached **** piety under Fedhas
  7935 | D:9      | Noticed a white ugly thing
  7949 | D:9      | Killed a white ugly thing
  8013 | D:9      | Found a transporter.
  8125 | D:9      | Noticed a cyan ugly thing
  8130 | D:9      | Noticed an ogre mage
  8757 | D:9      | Found a bloodstained altar of Trog.
  9434 | D:5      | Killed Edmund
  9527 | D:10     | Entered Level 10 of the Dungeon
  9543 | D:10     | Reached skill level 5 in Invocations
  9577 | D:10     | Reached XP level 11. HP: 90/97 MP: 12/14
  9714 | D:10     | Found a shimmering blue altar of Sif Muna.
  9824 | D:10     | Noticed a two-headed ogre
  9836 | D:10     | Killed a two-headed ogre
  9837 | D:10     | Reached skill level 5 in Dodging
  9967 | D:10     | Found Ickashio's Assorted Antiques.
  9973 | D:10     | Bought a scroll of identify for 60 gold pieces
  9973 | D:10     | Bought a bubbling white potion for 27 gold pieces
 10484 | D:10     | Found a burning altar of Makhleb.
 10704 | D:11     | Noticed a cyclops
 10764 | D:11     | Found a gate leading to a gauntlet.
 10782 | D:11     | Noticed a cyclops
 10788 | Gauntlet | Entered a Gauntlet
 10788 | Gauntlet | Noticed a sixfirhy
 10788 | Gauntlet | Found a transporter.
 10791 | Gauntlet | Found a transporter.
 10793 | Gauntlet | Found a transporter.
 10800 | Gauntlet | Noticed a wizard
 10801 | Gauntlet | Found a transporter.
 10801 | Gauntlet | Found the +1 cloak of Starlight {*Dazzle EV+4 Stlth--}
 10803 | Gauntlet | Found a transporter.
 10812 | Gauntlet | Found a transporter.
 10828 | Gauntlet | Found a transporter.
 10833 | Gauntlet | Found a transporter.
 10844 | Gauntlet | Found a runed translucent door.
 10845 | Gauntlet | Found a transporter.
 10846 | Gauntlet | Found a runed translucent door.
 10850 | Gauntlet | Found a transporter.
 10857 | Gauntlet | Noticed a death scarab
 10859 | Gauntlet | Found a transporter.
 10864 | Gauntlet | Found a transporter.
 10893 | Gauntlet | Found a transporter.
 10907 | Gauntlet | Found a transporter.
 10990 | Gauntlet | Killed a death scarab
 11165 | Gauntlet | Identified the +7 battleaxe of Bodily Humours {drain,
                  | +Blink rF+++ Int-5 Dex-3}
 11165 | Gauntlet | Noticed a minotaur
 11238 | Gauntlet | Killed a minotaur
 11252 | Gauntlet | Identified the +3 short sword of Uskayaw's Pride {protect,
                  | Str+3}
 11304 | D:11     | Killed a cyclops
 11360 | D:11     | Found a staircase to the Orcish Mines.
 11642 | D:11     | Reached XP level 12. HP: 106/109 MP: 15/17
 11671 | D:11     | Found a staircase to the Lair.
 11887 | D:11     | Noticed a boulder beetle
 11896 | D:11     | Killed a boulder beetle
 12046 | D:11     | Noticed Snorg
 12224 | D:11     | Killed Snorg
 12400 | Lair:1   | Entered Level 1 of the Lair of Beasts
 12481 | Lair:1   | Identified the scarf of Context {+Inv, Rampage}
 12513 | Lair:1   | Noticed Grum
 12530 | Lair:1   | Killed Grum
 12693 | Lair:1   | Noticed Harold
 12764 | Lair:1   | Killed Harold
 12940 | Lair:1   | Noticed Nergalle
 12952 | Lair:1   | Killed Nergalle
 13365 | Lair:2   | Noticed a skyshark
 13389 | Lair:2   | Killed a skyshark
 13469 | Lair:2   | Gained mutation: You can use your snake-like lower body to
                  | constrict enemies. [Naga growth]
 13469 | Lair:2   | Reached XP level 13. HP: 118/118 MP: 19/19
 13701 | Lair:2   | Found a hole to the Spider Nest.
 14159 | Lair:3   | Found a staircase to the Shoals.
 14388 | Lair:3   | Identified the +6 dagger "Killer Bee's Foe" {freeze, +Blink
                  | rElec}
 14402 | Lair:3   | Learned a level 1 spell: Apportation
 14473 | Lair:3   | Reached skill level 15 in Ranged Weapons
 15469 | Lair:4   | Identified the ring "Ahotais" {EV+5 Stlth+}
 15673 | Lair:4   | Noticed Rupert
 15688 | Lair:4   | Killed Rupert
 15890 | Lair:4   | Reached skill level 10 in Invocations
 15983 | Lair:5   | Entered Level 5 of the Lair of Beasts
 16232 | Lair:5   | Found a staircase to the Slime Pits.
 16277 | Lair:5   | Reached XP level 14. HP: 130/130 MP: 21/21
 16362 | Lair:5   | Learned a level 3 spell: Portal Projectile
 17956 | Orc:1    | Entered Level 1 of the Orcish Mines
 18386 | Orc:2    | Entered Level 2 of the Orcish Mines
 18511 | Orc:2    | Found a runed translucent door.
 18519 | Orc:2    | Noticed laros's ghost (journeyman MiBe)
 18612 | Orc:2    | Reached skill level 10 in Fighting
 18657 | Orc:2    | Reached ***** piety under Fedhas
 18697 | Orc:2    | Found Foanased's Jewellery Emporium.
 18738 | Orc:2    | Found a staircase to the Elven Halls.
 18972 | Orc:2    | Reached XP level 15. HP: 130/138 MP: 22/24
 19203 | Orc:2    | Found Xetzuub's Assorted Antiques.
 19203 | Orc:2    | Found Qiumarchu's Antique Armour Shop.
 19205 | Orc:2    | Found Nuphet's Antique Weapon Boutique.
 19207 | Orc:2    | Found Votuu's Book Shoppe.
 19219 | Orc:2    | Bought the -2 hat of the Alchemist {rElec rPois rF+ rC+ rN+
                  | Will+ rMut rCorr} for 1557 gold pieces
 19219 | Orc:2    | Found the -2 hat of the Alchemist {rElec rPois rF+ rC+ rN+
                  | Will+ rMut rCorr}
 19219 | Orc:2    | Bought a slimy glass ring for 165 gold pieces
 19219 | Orc:2    | Identified the ring "Qimeqaj" {Fire Str+2} (You bought it
                  | in a shop on level 2 of the Orcish Mines)
 19522 | D:11     | Reached skill level 10 in Dodging
 19522 | D:11     | Reached XP level 16. HP: 148/148 MP: 25/25
 19562 | D:12     | Found a frozen archway.
 19570 | IceCv    | Entered an ice cave
 19936 | IceCv    | Found an ancient bone altar of Kikubaaqudgha.
 20353 | IceCv    | Identified the +1 pair of gloves of the Kettle-Drum {-Cast
                  | Harm Str+2}
 20538 | D:12     | Noticed a sphinx
 20605 | D:12     | Found a runed translucent gate.
 20605 | D:12     | Found a runed translucent gate.
 20607 | D:12     | Found a runed translucent gate.
 20611 | D:12     | Noticed mutifu's ghost (journeyman MiFi)
 21063 | D:12     | Learned a level 2 spell: Blink
 21349 | D:12     | Found a portal to a secret trove of treasure.
 21843 | D:13     | Reached skill level 1 in Translocations
 22088 | D:13     | Reached skill level 1 in Spellcasting
 22346 | D:14     | Found the amulet of the Air {Inacc Air Fly rElec RMsl}
 22383 | D:14     | Reached skill level 1 in Hexes
 22476 | D:14     | Found a gate to the Vaults.
 22546 | D:14     | Found a sacrificial altar of Ru.
 22559 | D:14     | Identified the +2 buckler of a sewer {*Corrode *Slow +Blink
                  | Will++}
 22695 | D:14     | Noticed Jorgrun
 22711 | D:14     | Killed Jorgrun
 23140 | D:15     | Entered Level 15 of the Dungeon
 23190 | D:15     | Reached ****** piety under Fedhas
 23256 | D:14     | Reached skill level 5 in Translocations
 23396 | D:15     | Learned a level 3 spell: Vhi's Electric Charge
 23421 | D:15     | Reached skill level 1 in Air Magic
 23602 | D:15     | Reached XP level 17. HP: 89/157 MP: 14/26
 23868 | D:15     | Noticed a sphinx
 23879 | D:15     | Killed a sphinx
 24004 | D:15     | Found a staircase to the Depths.
 24235 | D:15     | Found a stormy altar of Qazlal.
 24342 | D:15     | Noticed a sphinx
 24460 | D:15     | Reached skill level 5 in Hexes
 24671 | D:15     | Killed a sphinx
 24872 | Spider:1 | Entered Level 1 of the Spider Nest
 24986 | Spider:1 | Noticed Josephine
 25039 | Spider:1 | Killed Josephine
 25182 | Spider:1 | You fall into a shaft and drop 1 floor!
 25387 | Spider:2 | Noticed Kirke
 25430 | Spider:2 | Killed Kirke
 25965 | Spider:2 | Found a large runed translucent door.
 25967 | Spider:2 | Found a large runed translucent door.
 25969 | Spider:2 | Noticed Juwufun's ghost (adept MiBe)
 26373 | Spider:2 | Noticed Asterion
 26403 | Spider:2 | Killed Asterion
 26976 | Spider:1 | Reached XP level 18. HP: 165/165 MP: 28/28
 27013 | Spider:1 | Learned a level 2 spell: Lesser Beckoning
 27952 | Spider:3 | Identified the +0 ring mail "Rymmaet" {rCorr Dex+5}
 28766 | Spider:3 | Reached skill level 1 in Evocations
 28890 | Spider:3 | Identified the +0 robe of Leeteaj {Dex+3}
 29422 | Spider:4 | Entered Level 4 of the Spider Nest
 30336 | Spider:4 | Noticed Mara
 30353 | Spider:4 | Killed Mara
 30354 | Spider:4 | Reached skill level 15 in Invocations
 31625 | Spider:4 | Got a gossamer rune of Zot
 31941 | Elf:1    | Entered Level 1 of the Elven Halls
 32026 | Elf:1    | Reached XP level 19. HP: 176/176 MP: 30/30
 32289 | Elf:1    | Noticed Frances
 32300 | Elf:1    | Killed Frances
 32760 | Elf:1    | Got Fitsudiq's Lessons on Generative Bruises
 33017 | Elf:1    | Upgraded the game from 0.30.1-4-g462c640d31 to
                  | 0.30.1-5-ged363bc7ee
 33119 | Elf:2    | Found Oty Usup's Antique Weapon Boutique.
 33607 | Elf:2    | Found a runed translucent gate.
 33607 | Elf:2    | Found a runed translucent gate.
 33608 | Elf:2    | Found a runed translucent gate.
 33792 | Elf:2    | Reached skill level 1 in Short Blades
 34367 | Elf:3    | Entered Level 3 of the Elven Halls
 34586 | Elf:3    | Found Woesisal's Magic Scroll Boutique.
 34590 | Elf:3    | Bought a scroll of magic mapping for 112 gold pieces
 34590 | Elf:3    | Bought a scroll of teleportation for 45 gold pieces
 34590 | Elf:3    | Bought a scroll of enchant weapon for 112 gold pieces
 34666 | Elf:3    | Reached skill level 5 in Evocations
 35163 | Elf:3    | Identified the +0 troll leather armour "Ufunesue" {rPois
                  | Regen+}
 35261 | Elf:3    | Reached XP level 20. HP: 187/187 MP: 24/32
 35287 | Elf:3    | Identified the +9 hand axe of Sharing Pain and Death
                  | {heavy, Contam Fragile rElec SInv}
 35287 | Elf:3    | Identified the +0 leather armour of the Lion {Dex+3 Stlth+}
 35293 | Elf:3    | Noticed a Brimstone Fiend
 35305 | Elf:3    | Identified the staff of death "Daarozaqot" {*Corrode rElec
                  | rC++ rN+ Int-3}
 35341 | Elf:3    | Identified the +11 rapier "Ziann" {protect, *Corrode rF+++
                  | Str-4 Int+10}
 35355 | Elf:3    | Reached skill level 5 in Short Blades
 35422 | Elf:3    | Identified the +0 pair of gloves of the Puckish God {rF+
                  | Str+3 Stlth+}
 35999 | Vaults:1 | Entered Level 1 of the Vaults
 36367 | Vaults:1 | Noticed Saint Roka
 36383 | Vaults:1 | Killed Saint Roka
 37589 | Vaults:1 | Found a radiant altar of Vehumet.
 37619 | Vaults:1 | Identified the +4 hat of Esenidu {rElec rF+ Will+}
 37842 | Vaults:2 | Found a magical portal.
 37863 | WizLab   | Entered Maxwell's Workshop
 38296 | WizLab   | Reached XP level 21. HP: 106/196 MP: 17/33
 38370 | WizLab   | Identified the +8 whip "Cacecyesm" {speed, Str+5}
 38440 | WizLab   | Identified the ring of Liatz {Fire rN+ SInv}
 38690 | WizLab   | Found the +2 Maxwell's thermic engine {flame, freeze, rev}
 38691 | WizLab   | Identified the amulet "Quopnaj" {Reflect rN+ Str+7 Dex-5
                  | SH+5 Stlth-}
 38784 | WizLab   | Identified the +2 troll leather armour of Xycuiw {Drain
                  | rPois Regen+ Int+4 Dex+3}
 40322 | Vaults:2 | Found Ruh Lama's Armour Shop.
 40681 | Vaults:3 | Found a staircase to the Crypt.
 40681 | Vaults:3 | Found an ancient bone altar of Kikubaaqudgha.
 40681 | Vaults:3 | Found a basalt altar of Yredelemnul.
 41976 | Vaults:3 | Found Kilenagi's Antique Armour Shoppe.
 42134 | Vaults:3 | Reached XP level 22. HP: 62/207 MP: 6/35
 42612 | Vaults:3 | Reached skill level 15 in Fighting
 42711 | Vaults:4 | Upgraded the game from 0.30.1-5-ged363bc7ee to
                  | 0.30.1-6-gbe392663c4
 43405 | Vaults:4 | Noticed Zenata
 43415 | Vaults:4 | Killed Zenata
 43425 | Vaults:4 | Reached skill level 1 in Shields
 43560 | Vaults:4 | Reached skill level 2 in Shields
 43621 | Vaults:4 | Reached skill level 3 in Shields
 43682 | Vaults:4 | Noticed Sojobo
 43709 | Vaults:4 | Killed Sojobo
 43723 | Vaults:4 | Reached skill level 15 in Dodging
 43729 | Vaults:4 | Reached skill level 4 in Shields
 43857 | Vaults:4 | Reached skill level 5 in Shields
 44141 | Vaults:4 | Reached skill level 6 in Shields
 44442 | Vaults:4 | Reached skill level 7 in Shields
 44966 | Shoals:1 | Entered Level 1 of the Shoals
 45106 | Shoals:1 | Identified the +0 leather armour "Atooff" {rN+ Will+}
 45112 | Shoals:1 | Found Rigyiz's Distillery.
 45140 | Shoals:1 | Bought a potion of haste for 180 gold pieces
 45140 | Shoals:1 | Bought a potion of curing for 54 gold pieces
 45140 | Shoals:1 | Bought a potion of cancellation for 144 gold pieces
 45140 | Shoals:1 | Bought a potion of curing for 54 gold pieces
 45140 | Shoals:1 | Bought a potion of mutation for 144 gold pieces
 45140 | Shoals:1 | Bought a potion of mutation for 144 gold pieces
 45320 | Shoals:1 | Reached skill level 8 in Shields
 46371 | Shoals:2 | Reached skill level 9 in Shields
 46980 | Shoals:3 | Reached XP level 23. HP: 219/219 MP: 36/36
 47374 | Shoals:3 | Reached skill level 10 in Shields
 47420 | Shoals:3 | Found a sparkling altar of Nemelex Xobeh.
 47744 | Shoals:4 | Entered Level 4 of the Shoals
 48197 | Shoals:4 | Noticed Ilsuiw
 48240 | Shoals:4 | Killed Ilsuiw
 48396 | Shoals:4 | Got a barnacled rune of Zot
 48661 | Shoals:4 | Identified the +1 scale mail of Pan-Flutes {Int+2}
 49290 | Crypt:1  | Entered Level 1 of the Crypt
 49386 | Crypt:1  | Reached skill level 11 in Shields
 49787 | Crypt:1  | Found a shimmering altar of Xom.
 50692 | Crypt:2  | Noticed an ancient lich
 50701 | Crypt:2  | Killed an ancient lich
 50743 | Crypt:2  | Identified the staff of conjuration "Jeangul" {+Blink rElec
                  | rCorr SInv}
 51022 | Crypt:2  | Reached XP level 24. HP: 223/234 MP: 36/36
 51348 | Crypt:2  | Noticed Donald
 51357 | Crypt:2  | Killed Donald
 51625 | Crypt:3  | Entered Level 3 of the Crypt
 51872 | Crypt:3  | Noticed Vv
 52082 | Crypt:3  | Found a basalt altar of Yredelemnul.
 52174 | Crypt:3  | Noticed a curse toe
 52299 | Crypt:3  | Killed Vv
 52323 | Crypt:3  | Noticed a curse toe
 52337 | Crypt:3  | Killed a curse toe
 52475 | Crypt:3  | Noticed Frederick
 52484 | Crypt:3  | Killed Frederick
 52514 | Crypt:3  | Killed a curse toe
 52921 | Crypt:3  | Found a staircase to the Tomb.
 53013 | Crypt:3  | Noticed a dread lich
 53067 | Crypt:3  | Killed a dread lich
 53074 | Crypt:3  | Identified the +4 great sword of Udot {spect, Dex+2}
 53081 | Crypt:3  | Identified the ring "Zykucwar" {Fly rPois rN+ rCorr Dex-3}
 53081 | Crypt:3  | Identified the ring of Unusonn {rElec rC- rN+ rCorr}
 53088 | Crypt:3  | Identified the staff of conjuration "Usummuxae" {rC+}
 53370 | Depths:1 | Entered Level 1 of the Depths
 53371 | Depths:1 | Found a one-way gateway to a ziggurat.
 53886 | Depths:1 | Identified the +7 rapier of the Spider Nest {antimagic,
                  | rPois rC- Dex+4 Stlth+}
 54128 | Depths:1 | Reached XP level 25. HP: 249/249 MP: 37/37
 54175 | Depths:1 | Found a gateway to Hell.
 54560 | Depths:2 | You are sucked into a shaft and drop 2 floors!
 54560 | Depths:4 | Entered Level 4 of the Depths
 54612 | Depths:4 | Found Jiqoehav's Antique Armour Emporium.
 54616 | Depths:4 | Bought a shiny barding for 598 gold pieces
 54629 | Depths:4 | Bought a pair of faintly glowing gloves for 218 gold pieces
 54629 | Depths:4 | Identified the +0 pair of gloves of Mirth {Rampage rN+
                  | Will- SInv} (You bought it in a shop on level 4 of the
                  | Depths)
 54632 | Depths:4 | Bought a pair of pitted gloves for 218 gold pieces
 54632 | Depths:4 | Identified the +3 pair of gloves of Amelioration {MP+9
                  | Dex+2} (You bought it in a shop on level 4 of the Depths)
 54825 | Depths:4 | Identified the +5 tower shield "Jaluv" {+Blink Regen+}
 54825 | Depths:4 | Noticed Mennas
 54842 | Depths:4 | Killed Mennas
 54928 | Depths:4 | Paralysed by a floating eye for 2 turns
 54936 | Depths:4 | Reached skill level 12 in Shields
 55194 | Depths:4 | Noticed the Enchantress
 55226 | Depths:4 | Killed the Enchantress
 55311 | Depths:4 | Found a one-way gate to the infinite horrors of the Abyss.
 55575 | Depths:4 | Found a gate to the Realm of Zot.
 55910 | Depths:3 | Found Igucs's Assorted Antiques.
 55916 | Depths:3 | Found Teaxool's Book Shop.
 55947 | Depths:3 | Noticed Boris
 55957 | Depths:3 | Killed Boris
 56011 | Depths:3 | Reached skill level 13 in Shields
 56476 | Depths:2 | Found Ubofurog's Antique Armour Boutique.
 56476 | Depths:2 | Found Xoibob's General Store.
 56484 | Depths:2 | Bought a wand of iceblast (7) for 336 gold pieces
 56484 | Depths:2 | Bought a scroll of teleportation for 60 gold pieces
 56605 | Depths:2 | Found a one-way gate leading to the halls of Pandemonium.
 56810 | Depths:2 | Noticed a juggernaut
 56812 | Depths:2 | Identified the +1 robe "Byqur" {rF+ rN++ Int+2}
 56821 | Depths:2 | Killed a juggernaut
 57294 | Depths:3 | Reached skill level 14 in Shields
 57453 | Depths:3 | Found Big Baal Hell's Store.
 57467 | Depths:3 | Reached XP level 26. HP: 261/261 MP: 37/37
 57816 | Depths:3 | Identified the amulet "Fal Xeem" {Faith rCorr Str+3 Int+4
                  | Dex-5}
 57984 | Depths:3 | Identified the +6 scale mail "Ucsecs" {rElec Regen+}
 58696 | Slime:1  | Entered Level 1 of the Pits of Slime
 58787 | Slime:1  | Reached skill level 15 in Shields
 59086 | Slime:5  | Entered Level 5 of the Pits of Slime
 59467 | Slime:5  | Reached skill level 16 in Shields
 59595 | Slime:5  | Found a viscous altar of Jiyva.
 59601 | Slime:5  | Noticed the Royal Jelly
 59633 | Slime:5  | Killed the Royal Jelly
 59651 | Slime:5  | Found the +3 robe of Clouds {*Thunder rCloud rElec}
 59671 | Slime:5  | Identified the +4 demon trident of the Fifty Lives {flame,
                  | rF- Will+++ rCorr Str+2}
 59715 | Slime:5  | Identified the +5 plate armour of Fun and Games {rN++}
 59721 | Slime:5  | Identified the +4 short sword "Fuwion" {freeze, *Noise
                  | rElec rC+ Int+5}
 59731 | Slime:5  | Identified the +1 rapier "Jeigyg" {spect, Str+5 Int+4}
 59749 | Slime:5  | Got a slimy rune of Zot
 60295 | Zot:1    | Entered Level 1 of the Realm of Zot
 60787 | Zot:1    | Noticed an orb of fire
 60798 | Zot:1    | Killed an orb of fire
 60978 | Zot:1    | Reached XP level 27. HP: 252/273 MP: 37/37
 61514 | Zot:2    | Reached skill level 17 in Shields
 62686 | Zot:3    | Reached skill level 18 in Shields
 62692 | Zot:3    | Noticed an orb of fire
 62707 | Zot:3    | Killed an orb of fire
 62737 | Zot:3    | Noticed an orb of fire
 62746 | Zot:3    | Killed an orb of fire
 62847 | Zot:3    | Noticed an ancient lich
 62857 | Zot:3    | Killed an ancient lich
 63572 | Zot:4    | Reached skill level 19 in Shields
 64358 | Zot:4    | Upgraded the game from 0.30.1-6-gbe392663c4 to
                  | 0.30.1-8-g117510f58f
 64831 | Vaults:5 | Entered Level 5 of the Vaults
 64877 | Vaults:5 | Reached skill level 5 in Air Magic
 64888 | Vaults:5 | Noticed Margery
 64902 | Vaults:5 | Killed Margery
 64999 | Vaults:5 | Noticed a dread lich
 65016 | Vaults:5 | Killed a dread lich
 65068 | Vaults:5 | Identified the +8 battleaxe of Wyrd {freeze, rElec Dex+3
                  | Stlth+}
 65098 | Vaults:5 | Got Sif Muna's Quarto of Nausea
 65185 | Vaults:5 | Noticed Boris
 65194 | Vaults:5 | Killed Boris
 65272 | Vaults:5 | Reached skill level 20 in Shields
 65561 | Vaults:5 | Identified the +0 helmet "Liomethrer" {Harm Fly Int+2}
 65770 | Vaults:5 | Identified the amulet "Taarch" {Faith rF+ rC- Str+3 SInv}
 66049 | Vaults:5 | Found Hofof's General Store.
 66056 | Vaults:5 | Bought a scroll of magic mapping for 157 gold pieces
 66056 | Vaults:5 | Bought a potion of mutation for 168 gold pieces
 66059 | Vaults:5 | Got a silver rune of Zot
 66341 | Zig:1    | Entered Level 1 of a ziggurat
 66354 | Zig:2    | Entered Level 2 of a ziggurat
 66381 | Zig:3    | Entered Level 3 of a ziggurat
 66381 | Zig:3    | Noticed a dread lich
 66385 | Zig:3    | Killed a dread lich
 66393 | Zig:3    | Identified the staff of air "Yse Jaji" {rElec rPois Stlth+}
 66409 | Zig:4    | Entered Level 4 of a ziggurat
 66434 | Zig:5    | Entered Level 5 of a ziggurat
 66486 | Zig:6    | Entered Level 6 of a ziggurat
 66517 | Zig:7    | Entered Level 7 of a ziggurat
 66577 | Zig:8    | Entered Level 8 of a ziggurat
 66637 | Zig:8    | Identified the +5 sling of the Hungering Mosquito
                  | {antimagic, rElec rPois rF-}
 66657 | Zig:9    | Entered Level 9 of a ziggurat
 66667 | Zig:9    | Reached skill level 21 in Shields
 66723 | Zig:9    | Identified the staff of death "Fuphez" {rF+ rN+ SInv
                  | Stlth-}
 66726 | Zig:9    | Identified the ring "Fotzeu" {rF+ Will+}
 66727 | Zig:9    | Identified the +0 ring mail "Ericrauh" {Slay+3}
 66988 | Zot:5    | Entered Level 5 of the Realm of Zot
 67158 | Zot:5    | Identified the +8 plate armour of Kocw {rF++ Will++ MP-9}
 67587 | Zot:5    | Reached skill level 22 in Shields
 67696 | Zot:5    | Noticed a dread lich
 67698 | Zot:5    | Noticed an ancient lich
 67699 | Zot:5    | Noticed an orb of fire
 67719 | Zot:5    | Killed an ancient lich
 67720 | Zot:5    | Killed an orb of fire
 67733 | Zot:5    | Killed a dread lich
 67885 | Zot:5    | Noticed a dread lich
 67891 | Zot:5    | Killed a dread lich
 67892 | Zot:5    | Reached skill level 23 in Shields
 68158 | Zot:5    | Noticed an orb of fire
 68161 | Zot:5    | Noticed a dread lich
 68195 | Zot:5    | Noticed a dread lich
 68203 | Zot:5    | Killed a dread lich
 68358 | Zot:5    | Killed an orb of fire
 68511 | Zot:5    | Got the Orb of Zot
 69079 | D:12     | Noticed a seraph
 69128 | D:11     | Reached skill level 24 in Shields
 69242 | D:9      | Noticed a seraph
 69257 | D:8      | Noticed Ciffesk the pandemonium lord
 69371 | D:4      | Killed Crehl's ghost
 69396 | D:3      | Noticed a seraph
 69487 | D:$      | Escaped with the Orb!

Illustrated notes

Levels and vault maps discovered:
D:1:      kennysheep_arrival_seaside, layout_loops_ring
D:2:      layout_rooms, shapermc_ecumenical_altar_pompeii, nicolae_eternal_life,
          uniq_crazy_yiuf_cottage, uniq_jessica
D:3:      layout_basic, serial_shops, nicolae_shop_bloodbath_and_beyond
D:4:      layout_loops_cross, dancing_weapons_uskayaw, ebering_ghost_sewer_f
D:5:      layout_loops_corners, mainiacjoe_overflow_alcove_2,
          amcnicky_altar_gilded, nicolae_vehumet_altar_sigil,
          lemuel_round_altar, general_overflow_altar, sigmund_edmund_badplayer,
          uniq_pikel
D:6:      layout_loops_ring, temple_statues, portal_sewer_entry_c,
          serial_undead, serial_undead_c, serial_undead_c, serial_undead_e,
          serial_undead_c
D:7:      layout_rooms, slow_altar_2, mainiacjoe_overflow_chevrons
D:8:      layout_rooms, mainiacjoe_overflow_alcove_4, kennysheep_little_box
D:9:      gammafunk_sealed_arena, layout_layer_cave, trog_antimagical
D:10:     kennysheep_steamy, layout_basic, kennysheep_mini, led_sif_book,
          serial_shops, nicolae_diamond_shop, eino_tiny_chamber,
          grunt_decor_resistance, fountainhead
D:11:     layout_basic, lair_entry_dummy, hiddenorc1_lemuel,
          gauntlet_entry_generic, uniq_snorg
D:12:     layout_stronghold, portal_ice_cave_entry_pillars_2,
          gammafunk_ghost_split, enter_trove_5, serial_bayou_pond_a
D:13:     layout_loops_ring
D:14:     layout_rooms, ximxim_vaults_locker_room, nicolae_ru_awakened_eye,
          uniq_jorgrun
D:15:     grunt_enter_depths_magical_seal, layout_cross,
          nicolae_qazlal_eye_of_the_storm, nicolae_rejected_hall
Temple:   nicolae_temple_figure_zero
Lair:1:   layout_gridlike, uniq_grum, uniq_harold, uniq_nergalle
Lair:2:   layout_regular_city, nicolae_spider_entry_tight_spaces,
          chequers_serial_rivers_micro_d, nicolae_lair_run_with_the_wolves
Lair:3:   layout_loops_ring, minmay_shoals_entry_centaurs, serial_bayou_pond_a
Lair:4:   layout_regular_city, grunt_forest_large_clearing_hut, uniq_rupert
Lair:5:   evilmike_catoblepas_cave, layout_cave_pods, dpeg_slime_entry_corner,
          grunt_megastairs_5
Shoals:1: layout_shoals, serial_shops, nicolae_shop_industrial_runoff
Shoals:2: layout_shoals, nicolae_shoals_nymph_descending_staircase
Shoals:3: layout_shoals, wheals_shoals_ruined_temple
Shoals:4: shoals_end_hangedman, layout_shoals, shoal_ilsuiw,
          nicolae_shoals_shepherds
Spider:1: nicolae_spider_hilbert_zone_5 [nicolae_spider_hilbert_3_sides_1_open,
          nicolae_spider_hilbert_4_sides_1_open,
          nicolae_spider_hilbert_4_sides_1_open,
          nicolae_spider_hilbert_6_sides_1_open,
          nicolae_spider_hilbert_6_sides_1_open], nicolae_looking_at_the_future,
          uniq_josephine
Spider:2: layout_spider_delve, ebering_ghost_disaster_area, hellmonk_test_site,
          uniq_kirke, uniq_asterion
Spider:3: layout_chambers, hellmonk_motheaten_closet
Spider:4: guppyfry_spider_rune, nicolae_spider_solar_radiation, uniq_mara
Slime:1:  layout_caves
Slime:2:  layout_caves
Slime:3:  layout_caves
Slime:4:  layout_caves, nicolae_slime_crime_time
Slime:5
Orc:1:    layout_caves, minmay_orc_keep
Orc:2:    st_orc_rangers, layout_diamond_mine, ebering_ghost_reflecting_pool,
          serial_shops, nicolae_shop_tiny_waterfront
Elf:1:    layout_geoelf_diagonals, minmay_elf_sorcery, grunt_megastairs_3,
          uniq_frances
Elf:2:    elven_hall_of_blades_hangedman_original
          [nicolae_blade_entry_crossed_weapons], layout_geoelf_grid,
          serial_shops, shop, minivault_25
Elf:3:    minmay_elf_hall_x, layout_geoelf_diagonals, serial_shops, shop,
          nicolae_elf_glass_and_crystal_pillar_2
Vaults:1: nicolae_vaults_closet_pinwheel_6, grunt_tower_of_power,
          vaults_standard_mumra_enter_the_diamond,
          nicolae_vaults_closet_pinwheel_2, v_misc_9,
          nicolae_vaults_big_angled_halls,
          vaults_standard_mumra_enter_the_diamond, layout_vaults_omnigrid,
          uniq_saint_roka
Vaults:2: lightli_enter_wizlab_magi_temple, nicolae_vaults_more_shelving_1,
          nicolae_vaults_trapezoid_lopsided_3, grunt_vaults_hallway_short,
          nicolae_vaults_museum, nicolae_vaults_trapezoid_3,
          nicolae_vaults_mitosis, ontoclasm_vaults_claustrophobia,
          ontoclasm_vaults_fault, nicolae_vaults_prndl, hangedman_vaults_trim,
          hangedman_vaults_slice, nicolae_vaults_taking_the_gang_shopping,
          nicolae_vaults_angled_halls, layout_vaults_omnicross
Vaults:3: vaults_dpeg_ring, nicolae_vaults_network_square,
          nicolae_vaults_circle_grid_b, nicolae_vaults_rhombus_5,
          ontoclasm_vaults_chip, v_misc_5, nicolae_vaults_tangram_2,
          minmay_crypt_entry_necro_gods, nicolae_vaults_ring_of_whatevers,
          v_misc_1, vaults_mumra_lcd, hangedman_vaults_stitches,
          grunt_vaults_twisty, nicolae_vaults_asterisk,
          nicolae_vaults_security_offices_4, nicolae_vaults_tetromino_Z_1,
          layout_vaults_maze_bifur, serial_shops, nicolae_shop_scrapyard
Vaults:4: nicolae_vaults_cornered_office, ontoclasm_vaults_idyll,
          nicolae_vaults_holding_cells, v_alt_pattern_2,
          nicolae_vaults_sesquioval_fish,
          nicolae_vaults_variable_pillar_hall_cross, nicolae_vaults_little_ls,
          nicolae_vaults_sesquioval_fish, nicolae_vaults_offset_grid_hallway_1,
          nicolae_vaults_diagonal_hallway_8, nicolae_vaults_mini_display_case,
          nicolae_vaults_turnstiles, nicolae_vaults_cochlea,
          nicolae_vaults_storage_room_statues, layout_vaults_ring, uniq_zenata,
          uniq_sojobo
Vaults:5: uniq_margery
Crypt:1:  layout_regular_city, basic_altar, grunt_crypt_arrival_webbed,
          grunt_megastairs_4
Crypt:2:  layout_misc_corridors, grunt_ministairs_3, palyth_stone_intersect,
          st_shrine_of_skulls, uniq_donald
Crypt:3:  david_glass_crypt, layout_gridlike,
          nicolae_tomb_entry_unfolded_pyramid_orthogonal, hangedman_blasphemy,
          uniq_frederick, uniq_josephina, uniq_vv
Depths:1: layout_gridlike, enter_ziggurat_b, lightli_too_deep,
          chequers_serial_rivers_large_a, lemuel_freeze_loot_1
Depths:2: minmay_broken_ring, layout_cave_pools, grunt_pan_entry_zigzag,
          hell_entry, serial_bayou_crossing, minmay_shoptagon,
          minmay_staircase_windowed_large
Depths:3: minmay_the_grid_octo_tiled_squarecenter_mashed
          [minmay_the_grid_octo_checkered, minmay_the_grid_octo_concentric,
          minmay_the_grid_octo_teeth, minmay_the_grid_octo_empty,
          minmay_the_grid_square_5x5_megaprize_diamond,
          minmay_the_grid_square_5x5_bite,
          minmay_the_grid_square_5x5_three_walls,
          minmay_the_grid_square_5x5_pentomino_r,
          minmay_the_grid_square_5x5_spiral], layout_small_grid,
          nicolae_hell_entry_big_baal_hell, minmay_room_of_horrors,
          nicolae_wooded_promenade, hangedman_cracks_in_the_wall,
          serial_bayou_shore_b, uniq_boris, uniq_grunn
Depths:4: grunt_zot_entry_tricorne, layout_gridlike, serial_shops,
          nicolae_shop_tiny_statue_garden, hell_entry,
          marbit_kobold_abyss_entry, uniq_mennas, uniq_enchantress
Zot:1:    layout_concentric_octagons, st_stairs_10
Zot:2:    layout_concentric_octagons
Zot:3:    ebering_greatest_show_in_zot, layout_cellular_growth
Zot:4:    layout_concentric_octagons, grunt_ministairs_10, grunt_megastairs_1
Zot:5:    layout_concentric_octagons, skrybe_zot_glass_3

Skill      XL: |  1  2  3  4  5  6  7  8  9 10 11 12 13 14 15 16 17 18 19 20 21 22 23 24 25 26 27 |
---------------+----------------------------------------------------------------------------------+-----
Stealth        | 2 3 4 5 6 8 9 |  9.9
Ranged Weapons | 4 5 6 8 10 11 12 13 14 15 16 17 18 19 20 21 22 | 22.4
Fighting       | 3 4 5 7 8 9 10 11 12 13 14 15 17 19 20 21 22 | 22.4
Armour         | 1 |  1.1
Dodging        | 3 4 6 7 8 9 10 11 12 13 14 15 16 17 18 19 | 19.9
Invocations    | 2 5 7 8 10 12 13 14 15 16 17 18 19 20 21 22 | 22.5
Translocations | 5 7 8 9 |  9.9
Spellcasting   | 1 |  1.1
Hexes          | 3 5 6 |  6.6
Air Magic      | 2 3 4 5 |  5.5
Evocations     | 3 5 6 7 |  7.7
Short Blades   | 4 8 |  8.8
Shields        | 9 11 14 16 24 | 24.1

Action                     |  1- 3 |  4- 6 |  7- 9 | 10-12 | 13-15 | 16-18 | 19-21 | 22-24 | 25-27 || total
---------------------------+-------+-------+-------+-------+-------+-------+-------+-------+-------++-------
  Melee: Unarmed           |       |       |       |       |       |     9 |       |       |       ||     9
         Constrict         |       |       |       |       |       |     1 |    74 |    22 |    10 ||   107
         Quick blade       |       |       |       |       |       |       |   197 |    63 |    54 ||   314
         Punch             |       |       |       |       |       |       |     7 |       |       ||     7
         Hand crossbow     |       |       |       |       |       |       |       |       |     1 ||     1
   Fire: Shortbow          |    87 |   110 |   423 |   763 |  1178 |       |       |       |       ||  2561
         Arbalest          |       |       |       |       |       |  1771 |  1479 |    53 |       ||  3303
         Hand crossbow     |       |       |       |       |       |       |       |  1673 |  2134 ||  3807
  Throw: Dart              |       |     6 |       |    17 |     1 |     4 |       |       |       ||    28
         Throwing net      |       |       |       |     1 |       |     5 |       |     1 |       ||     7
   Cast: Apportation       |       |       |       |       |       |    22 |     8 |    32 |    22 ||    84
         Portal Projectile |       |       |       |       |       |     4 |     5 |    20 |    10 ||    39
         Blink             |       |       |       |       |       |     3 |     6 |     6 |    12 ||    27
         Vhi's Electric Ch |       |       |       |       |       |       |     1 |       |       ||     1
         Lesser Beckoning  |       |       |       |       |       |       |     1 |       |       ||     1
 Invoke: Wall of Briars    |       |       |       |    31 |    23 |    28 |    32 |    22 |    49 ||   185
         Grow Ballistomyce |       |       |       |     3 |     3 |     5 |    14 |     5 |    26 ||    56
         Grow Oklob        |       |       |       |       |       |       |     2 |     2 |     2 ||     6
         Overgrow          |       |       |       |       |       |       |       |       |     1 ||     1
Ability: Spit Poison       |    16 |    17 |    34 |    45 |     4 |   103 |    10 |       |       ||   229
  Evoke: Wand              |       |     5 |     6 |    17 |       |     8 |     8 |       |    24 ||    68
         Lightning rod     |       |       |       |     5 |     9 |    15 |    12 |     8 |    14 ||    63
         Phantom mirror    |       |       |       |     2 |     1 |     3 |     2 |     2 |     1 ||    11
         Condenser vane    |       |       |       |       |       |     1 |       |       |     3 ||     4
         Phial of floods   |       |       |       |       |       |       |     1 |     2 |     1 ||     4
    Use: Potion            |       |     1 |     1 |     4 |     1 |     7 |     6 |       |    23 ||    43
         Scroll            |       |       |     7 |     9 |     7 |    18 |    13 |    20 |    31 ||   105
   Stab: Sleeping          |       |       |       |       |       |       |     8 |     7 |     1 ||    16
         Distracted        |       |       |       |       |       |       |     5 |       |       ||     5
 Armour: Leather armour    |    10 |    20 |    97 |    93 |       |       |       |       |       ||   220
         Troll leather arm |       |       |       |    96 |   135 |   364 |   196 |   160 |   414 ||  1365
  Dodge: Dodged            |    26 |    30 |   104 |   244 |   296 |  1276 |  1090 |  1036 |  1964 ||  6066
         Repelled          |       |       |       |       |       |       |       |     5 |    67 ||    72
  Block: Buckler           |       |       |       |       |       |       |       |   610 |   551 ||  1161
         Reflection        |       |       |       |       |       |       |       |    58 |     7 ||    65
         Tower shield      |       |       |       |       |       |       |       |       |  1592 ||  1592
